 Dungeon Crawl Stone Soup version 0.25.0-1-g7eea58d (webtiles) character file.

Game seed: 8283064257801503006

17 Buxparty the Poker (level 2, -1/18 HPs)
             Began as a Gargoyle Gladiator on June 27, 2020.
             Killed from afar by Natasha (8 damage)
             ... with a magic dart
             ... on level 2 of the Dungeon.
             The game lasted 00:01:29 (901 turns).

Buxparty the Poker (Gargoyle Gladiator)              Turns: 901, Time: 00:01:29

Health: -1/18      AC:  8    Str: 17    XL:     2   Next: 62%
Magic:  2/2        EV: 12    Int:  8    God:
Gold:   9          SH:  0    Dex: 11    Spells: 1/1 levels left

rFire    . . .     SeeInvis .   a - +0 trident
rCold    . . .     Gourm    .   (no shield)
rNeg     + . .     Faith    .   b - +0 leather armour
rPois    ∞         Spirit   .   c - +0 helmet
rElec    +         Reflect  .   j - +1 cloak
rCorr    .         Harm     .   (no gloves)
MR       .....                  (no boots)
Stlth    +.........             (no amulet)
HPRegen  0.06/turn              (no ring)
MPRegen  0.08/turn              (no ring)

@: no status effects
A: negative energy resistance 1, electricity resistance, unbreathing,
petrification resistance, rot immunity, AC +2
a: no special abilities


You were on level 2 of the Dungeon.
You were not hungry.

You visited 1 branch of the dungeon, and saw 2 of its levels.

You collected 9 gold pieces.

Inventory:

Hand Weapons
 a - a +0 trident (weapon)
Missiles
 d - 3 throwing nets (quivered)
Armour
 b - a +0 leather armour (worn)
 c - a +0 helmet (worn)
 j - a +1 cloak (worn)
Scrolls
 h - a scroll of fog {unknown}
 i - a scroll of identify {unknown}
 k - a scroll of remove curse {unknown}
Potions
 e - a potion of haste {unknown}
 g - a potion of resistance {unknown}
Comestibles
 f - a ration


   Skills:
 + Level 2.9 Fighting
 + Level 3.1 Polearms
 - Level 1.7 Throwing
 - Level 2.4 Dodging


You had one spell level left.
You didn't know any spells.
Your spell library was empty.

Dungeon Overview and Level Annotations

Branches:
Dungeon (2/15)

Altars:

Annotations:
D:2 Natasha


Innate Abilities, Weirdness & Mutations

You are resistant to torment.
Your stone body is resilient. (AC +2)
You are immune to poison.
You resist negative energy. (rN+)
You are resistant to electric shocks. (rElec)
You can survive without breathing.
You are immune to petrification.
You are immune to rotting.


Message History

You barely miss the rat. The rat bites you but does no damage.
Natasha claws you!
Ouch! That really hurt!
You are too injured to fight recklessly!
Natasha casts a spell.
Natasha mumbles some strange words.
The shadow imp barely misses you.
The shadow imp shouts, "Get thee gone, thou bumbling beef-witted flax-wench!"
You hit the rat.
You kill the rat!
You hit the crimson imp.
The crimson imp is moderately wounded.
The crimson imp hits you but does no damage.
You closely miss the crimson imp.
The crimson imp is lightly wounded.
The crimson imp blinks!
You closely miss Natasha.
Natasha stares at you and mumbles some strange words.
The magic dart hits you!
You die...

.................
####...######...
#...# # #.#.#
#...# #...# #...#
#...# ##@##
####h#######
####..5r5......
......!.....###.
#####>...##.#
#.##........ #.
#.##.#### #. ...
# # ...


You could see an iron imp (summoned), Natasha (strong), a shadow imp (summoned)
and a quokka.

Vanquished Creatures
  A giant cockroach (D:1)
  3 goblins (D:1)
  2 hobgoblins (D:1)
  3 kobolds (D:1)
  3 bats (D:1)
  2 frilled lizards (D:1)
  4 rats
  2 toadstools (D:1)
20 creatures vanquished.

Vanquished Creatures (others)
  2 toadstools (D:1)
2 creatures vanquished.

Grand Total: 22 creatures vanquished

Notes
Turn   | Place    | Note
-------+----------+-------------------------------------------
     0 | D:1      | Buxparty the Gargoyle Gladiator began the quest for the
                  | Orb.
     0 | D:1      | Reached XP level 1. HP: 12/12 MP: 1/1
   155 | D:1      | Reached XP level 2. HP: 18/18 MP: 2/2
   404 | D:1      | Reached skill level 3 in Polearms
   888 | D:2      | Noticed Natasha
   891 | D:2      | Noticed a crimson imp
   901 | D:2      | Killed from afar by Natasha

Illustrated notes

Levels and vault maps discovered:
D:1:      ldierk_water_garden, layout_basic, minmay_3d_cube
D:2:      layout_loops_cross, st_stairs_7, uniq_natasha, uniq_crazy_yiuf_cottage

Skill      XL: |  1  2 |
---------------+-------+-----
Polearms       | 3 |  3.1
Fighting       | |  2.9
Throwing       | |  1.7
Dodging        | |  2.4

Action                   || total
-------------------------++-------
Melee: Trident           ||    56
 Stab: Sleeping          ||     1
Armor: Leather armour    ||    19
Dodge: Dodged            ||    26
